 Dungeon Crawl Stone Soup version 0.27-a0-732-ga892ba84f6 (webtiles) character file.

Game seed: 14758917652353887836

61 Zeld the Insei (level 4, -2/33 HPs)
             Began as a Djinni Transmuter on Mar 23, 2021.
             Slain by an orc
             ... wielding a +0 hand axe
              (5 damage)
             ... on level 3 of the Dungeon.
             The game lasted 00:04:21 (3325 turns).

Zeld the Insei (Djinni Transmuter)                  Turns: 3325, Time: 00:04:21

Health: -2/33      AC:  2    Str: 10    XL:     4   Next: 7%
Magic:  0/0        EV: 12    Int: 14    God:
Gold:   74         SH:  0    Dex: 14    Spells: 0/8 levels left

rFire    + + .     SeeInvis .     - Unarmed
rCold    x . .     Faith    .   (no shield)
rNeg     . . .     Spirit   .   a - +0 robe
rPois    ∞         Reflect  .   (helmet currently unavailable)
rElec    .         Harm     .   (no cloak)
rCorr    .         Rampage  .   (no gloves)
Will     .....                  (boots unavailable)
Stlth    +.........             (no amulet)
HPRegen  0.11/turn              (no ring)
MPRegen  0.00/turn              (no ring)

@: appendages (expiring), flying
A: horns 2, flying, fire resistance 2, cold vulnerability 1, float, innate
caster, hp casting, extra vitality 1
a: End Transformation


You were on level 3 of the Dungeon.
You had temporarily grown beastly horns.
You visited 1 branch of the dungeon, and saw 3 of its levels.

You collected 74 gold pieces.

Inventory:

Armour
 a - a +0 robe (worn)
Scrolls
 b - 2 scrolls of identify
 f - a scroll of acquirement
 g - a scroll of silence {unknown}
 h - a scroll of teleportation {unknown}
Potions
 c - a potion of mutation {unknown}
 d - a potion of heal wounds {unknown}
 e - 2 potions of might {unknown}


   Skills:
 * Level 2.2 Fighting
 - Level 2.1 Dodging
 * Level 3.7 Unarmed Combat
 * Level 2.5 Spellcasting


You couldn't memorise any spells.
You knew the following spells:

 Your Spells              Type           Power      Damage    Failure   Level
a - Beastly Appendage     Tmut           16%        N/A       9%          1
b - Wereblood             Tmut           8%         N/A       12%         2
c - Spider Form           Tmut/Pois      4%         N/A       24%         3
d - Ice Form              Ice/Tmut       8%         N/A       63%         4
e - Blade Hands           Tmut           4%         N/A       92%         5
f - Shock                 Conj/Air       32%        1d5       9%          1
Your spell library was empty.

Dungeon Overview and Level Annotations

Branches:
Dungeon (3/15)

Altars:

Annotations:
D:3 1 transporter, ALWAYSlose's ghost, amateur DsBe


Innate Abilities, Weirdness & Mutations

You have temporarily grown beastly horns.
You are flying.
You are immune to poison.
Your flesh is very heat resistant. (rF++)
You are vulnerable to cold. (rC-)
You float through the air rather than walking.
You learn spells naturally, not from books.
Your magical power is your life essence.
You have superior vitality. (+4 HP)


Message History

Found a transporter.
An orc is nearby!
The orc shouts!
You hear a shout!
Found 9 gold pieces.
Found 18 gold pieces.
An orc comes into view. It is wielding a +0 hand axe.
Casting: Beastly Appendage (safe; 9% risk of failure)
Confirm with . or Enter, or press ? or * to list all spells.
You grow a pair of large bovine horns.
An orc priest comes into view. It is wielding a +0 club.
The orc priest shouts!
Your transformation is almost over.
An orc comes into view. It is wielding a +0 short sword.
The orc closely misses you.
Found a whip.
You punch the orc!
You kill the orc!
The orc priest mumbles some strange prayers to Beogh against you.
Beogh smites you!
An orc comes into view. It is wielding a +0 mace.
The orc shouts!
You hit the orc.
The orc is heavily wounded.
The orc hits you with a +0 hand axe!
* * * LOW HITPOINT WARNING * * *
The orc priest calls upon Beogh to heal the orc.
The orc's wounds heal themselves!
The orc hits you with a +0 hand axe.
* * * LOW HITPOINT WARNING * * *
Things that are here:
a +0 club; an orc corpse You are too injured to fight recklessly!
You are too injured to fight recklessly!
You are too injured to fight recklessly!
Okay, then.
As you read the scroll labelled RAX SIMATACE, it crumbles to dust.
It is a scroll of identify.
f - a scroll of acquirement The orc hits you with a +0 hand axe.
You die...

..# ).# ..# #o# ####
##o## #.. #.o. # #.#
#..# ##.# #######.#
#o@#...
#.......#######..#.##
#.#####.............#.#
#.#####.##............#
.....##.########....###
#.##.##.# .W#.##.# #.#
##.# ..#.#.# .# #..
..#..# ..#.# # #.##
#.#. #..#..


You could see an orc priest, ALWAYSlose's ghost and 3 orcs.

Vanquished Creatures
  2 adders (D:2)
  An orc (D:3)
  5 ball pythons
  2 goblins
  8 hobgoblins
  5 kobolds
  4 oozes
  2 quokkas
  3 bats
  A frilled lizard (D:1)
  5 rats
38 creatures vanquished.

Notes
Turn   | Place    | Note
-------+----------+-------------------------------------------
     0 | D:1      | Zeld the Djinni Transmuter began the quest for the Orb.
     0 | D:1      | Reached XP level 1. HP: 17/17 MP: 0/0
   582 | D:1      | Reached XP level 2. HP: 18/22 MP: 0/0
  1863 | D:2      | Reached XP level 3. HP: 27/28 MP: 0/0
  1863 | D:2      | Learned a level 1 spell: Shock
  3158 | D:3      | Reached XP level 4. HP: 19/33 MP: 0/0
  3315 | D:3      | Found a transporter.
  3317 | D:3      | Noticed ALWAYSlose's ghost (amateur DsBe)
  3325 | D:3      | Identified a scroll of acquirement
  3325 | D:3      | Slain by an orc

Illustrated notes

Levels and vault maps discovered:
D:1:      dpeg_arrival_rhombi, layout_loops_corners, minmay_pentomino_r2
D:2:      layout_basic, serial_undead, serial_undead_b, serial_undead_c,
          serial_undead_e, serial_undead_d
D:3:      layout_loops_cross, gammafunk_ghost_smash

Skill      XL: |  1  2  3 |
---------------+----------+-----
Spellcasting   | 2 |  2.5
Fighting       | 2 |  2.2
Dodging        | |  2.1
Unarmed Combat | |  3.7

Action                   |  1- 3 |  4- 6 || total
-------------------------+-------+-------++-------
Melee: Unarmed           |   136 |     5 ||   141
       Headbutt          |     9 |       ||     9
       Punch             |     1 |       ||     1
 Cast: Beastly Appendage |    24 |     2 ||    26
       Shock             |    12 |       ||    12
  Use: Scroll            |       |     1 ||     1
Armor: Robe              |    15 |       ||    15
Dodge: Dodged            |    87 |     3 ||    90

Table legend: (Time is in decaauts)
 A = Elapsed time spent in this place.
 B = Non-inter-level travel time spent in this place.
 C = Inter-level travel time spent in this place.
 D = Time resting spent in this place.
 E = Time spent auto-exploring this place.
 F = Levels seen in this place.
 G = Mean time per level.
                   A        B        C        D        E       F      G
               +--------+--------+--------+--------+--------+-----+--------+
         Total |   3315 |   3216 |     99 |      0 |   2902 |   3 | 1105.0 |
       Dungeon |   3315 |   3216 |     99 |      0 |   2902 |   3 | 1105.0 |
               +--------+--------+--------+--------+--------+-----+--------+

Top non-repeatable levels by time:
     D:1: 1572 daAuts
     D:2: 1428 daAuts
     D:3: 315 daAuts
